 Dungeon Crawl Stone Soup version 0.27-a0-1188-g73eefd5def (webtiles) character file.

Game seed: 6696255760730153539

7 Glokmah the Skirmisher (level 1, -7/18 HPs)
             Began as a Demonspawn Monk on May 22, 2021.
             Mangled by a gnoll
             ... wielding a +0 spear
              (8 damage)
             ... on level 1 of the Dungeon.
             The game lasted 00:00:15 (95 turns).

Glokmah the Skirmisher (Demonspawn Monk)              Turns: 95, Time: 00:00:16

Health: -7/18      AC:  2    Str: 11    XL:     1   Next: 83%
Magic:  1/1        EV: 12    Int: 11    God:
Gold:   0          SH:  0    Dex: 15    Spells: 0/0 levels left

rFire    . . .     SeeInvis .   a - +0 hand axe
rCold    . . .     Faith    .   (no shield)
rNeg     . . .     Spirit   .   b - +0 robe
rPois    .         Reflect  .   (no helmet)
rElec    .         Harm     .   (no cloak)
rCorr    .         Rampage  .   (no gloves)
Will     .....                  (no boots)
Stlth    ++........             (no amulet)
HPRegen  0.06/turn              (no ring)
MPRegen  0.07/turn              (no ring)

@: no status effects
A: no striking features
a: no special abilities


You were on level 1 of the Dungeon.
You visited 1 branch of the dungeon, and saw 1 of its levels.

Inventory:

Hand Weapons
 a - a +0 hand axe (weapon)
Armour
 b - a +0 robe (worn)


   Skills:
 + Level 3.1 Fighting
 * Level 3.0 Axes
 - Level 2.6 Dodging
 - Level 1.7 Stealth


You couldn't memorise any spells.
You didn't know any spells.
Your spell library was empty.

Dungeon Overview and Level Annotations

Branches:
Dungeon (1/15)

Altars:


Message History

You hit the bat zombie.
The bat zombie is almost destroyed.
The bat zombie hits you but does no damage.
The bat zombie barely misses you. The bat zombie misses you.
You barely miss the bat zombie.
The bat zombie is almost destroyed.
The bat zombie completely misses you. The bat zombie hits you.
The bat zombie closely misses you. The bat zombie misses you.
You hit the bat zombie.
You destroy the bat zombie!
Your Axes skill increases to level 3!
HP restored.
You open the large door.
There is a large open door here.
There is a large open door here.
You open the door.
There is an open door here.
You open the door.
There is an open door here.
You open the large door.
An endoplasm comes into view.
There is a large open door here.
You hit the endoplasm.
The endoplasm is moderately wounded.
The endoplasm misses you.
The endoplasm jiggles.
The endoplasm hits you.
You hit the endoplasm.
You kill the endoplasm!
There is a large open door here.
A gnoll comes into view. It is wielding a +0 spear.
The gnoll shouts!
The gnoll hits you with a +0 spear!
Ouch! That really hurt!
You hit the gnoll but do no damage. The gnoll hits you with a +0 spear.
You barely miss the gnoll. The gnoll hits you with a +0 spear.
* * * LOW HITPOINT WARNING * * *
You completely miss the gnoll. The gnoll barely misses you.
The gnoll hits you from afar with a +0 spear!
You die...

#...###8#+#8### #
#...'.........+
#≈#...##8##.##8##
#≈#..8#≈♣≈#'#
#≈######♣##'##♣####
#####≈≈≈≈≈≈≈≈≈≈.≈≈≈≈≈≈≈
................##.##.#
######.######### # #@#
#.# #g# #.# #.# ..# ..#
#.. .##


You could see a gnoll.

Vanquished Creatures
  An adder zombie (D:1)
  A bat zombie (D:1)
  An endoplasm (D:1)
3 creatures vanquished.

Notes
Turn   | Place    | Note
-------+----------+-------------------------------------------
     0 | D:1      | Glokmah the Demonspawn Monk began the quest for the Orb.
     0 | D:1      | Reached XP level 1. HP: 18/18 MP: 1/1
    95 | D:1      | Mangled by a gnoll

Illustrated notes

Levels and vault maps discovered:
D:1:      saegor_arrival_fortress, layout_loops_ring

Skill      XL: |  1 |
---------------+----+-----
Axes           | 3 |  3.0
Fighting       | |  3.1
Dodging        | |  2.6
Stealth        | |  1.7

Action                   || total
-------------------------++-------
Melee: Hand axe          ||    16
Armor: Robe              ||     6
Dodge: Dodged            ||    17

Table legend: (Time is in decaauts)
 A = Elapsed time spent in this place.
 B = Non-inter-level travel time spent in this place.
 C = Inter-level travel time spent in this place.
 D = Time resting spent in this place.
 E = Time spent auto-exploring this place.
 F = Levels seen in this place.
 G = Mean time per level.
                   A        B        C        D        E       F      G
               +--------+--------+--------+--------+--------+-----+--------+
         Total |     97 |     97 |      0 |      0 |     61 |   1 |   97.0 |
       Dungeon |     97 |     97 |      0 |      0 |     61 |   1 |   97.0 |
               +--------+--------+--------+--------+--------+-----+--------+

Top non-repeatable levels by time:
     D:1: 97 daAuts
